 Dungeon Crawl Stone Soup version 0.26-a0-542-gbaa144ba5c (webtiles) character file.

Game seed: 13294825773645121428

(classic levelgen) 688 EnegeticOcto the Cleaver (level 7, -4/61 HPs)
             Began as a Deep Dwarf Fighter on Aug 18, 2020.
             Was an Initiate of Makhleb.
             Slain by an ice beast (8 damage)
             ... summoned by an orange crystal statue
             ... on level 7 of the Dungeon.
             The game lasted 00:05:09 (878 turns).

EnegeticOcto the Cleaver (Deep Dwarf Fighter)        Turns: 878, Time: 00:05:09

Health: -4/61      AC: 14    Str: 21    XL:     7   Next: 36%
Magic:  1/7        EV:  3    Int:  9    God:    Makhleb [......]
Gold:   46         SH:  0    Dex: 12    Spells: 6/6 levels left

rFire    . . .     SeeInvis .   a - +1 war axe
rCold    . . .     Faith    .   c - +0 kite shield
rNeg     . . .     Spirit   .   m - +0 plate armour
rPois    .         Reflect  .   (no helmet)
rElec    .         Harm     .   (no cloak)
rCorr    .         Rnd*Tele +   (no gloves)
MR       +....                  l - +2 pair of boots
Stlth    ..........             (no amulet)
HPRegen  0.00/turn              j - ring of teleportation
MPRegen  0.10/turn              (no ring)

@: confused, mighty, non-regenerating
A: damage resistance, heal wounds, sense surroundings 1, no regeneration
a: Heal Wounds, Renounce Religion


You were on level 7 of the Dungeon.
You worshipped Makhleb.
Makhleb was noncommittal.
You visited 2 branches of the dungeon, and saw 8 of its levels.

You collected 46 gold pieces.

Inventory:

Hand Weapons
 a - a +1 war axe (weapon)
Armour
 b - a +0 scale mail
 c - a +0 kite shield (worn)
 l - a +2 pair of boots (worn)
 m - a +0 plate armour (worn)
Jewellery
 j - a ring of teleportation (left hand)
Scrolls
 e - 4 scrolls of identify {@r1}
Potions
 h - a potion of ambrosia {unknown}
 i - a potion of berserk rage {unknown}
 n - 2 potions of heal wounds {unknown}
 q - a potion of lignification {unknown}


   Skills:
 - Level 2.6 Fighting
 + Level 8.0 Axes
 - Level 3.2 Armour
 - Level 3.2 Shields
 - Level 5.0 Invocations


You had 6 spell levels left.
You didn't know any spells.
Your spell library was empty.

Dungeon Overview and Level Annotations

Branches:
Dungeon (7/15)             Temple (1/1) D:4

Altars:
Ashenzari
Dithmenos
Fedhas
Hepliaklqana
Kikubaaqudgha
Makhleb
Nemelex Xobeh
Ru
Sif Muna
Uskayaw
Wu Jian
Xom
Yredelemnul
Zin
The Shining One

Annotations:
D:7 exclusion: 4 orange crystal statues


Innate Abilities, Weirdness & Mutations

You are resistant to damage.
You can heal yourself by infusing magical energy.
You passively map a small area around you.
You do not regenerate.


Message History

The orc hits you with a +0 hand axe.
The orange crystal statue glitters topaz in the dim dungeon light.
The bullfrog hits you. The adder bites you.
The quokka bites you but does no damage.
You slash the orc!
You kill the orc!
The orc's corpse dissolves into shadows!
You closely miss the ice beast. You hit the centaur but do no damage.
You slash the ice beast! You closely miss the quokka. You hit the adder.
You miss the bullfrog. You hit the ogre.
The centaur hits you but does no damage.
The bullfrog hits you but does no damage.
The ice beast hits you. The ice beast freezes you!
* * * LOW HITPOINT WARNING * * *
The ice beast hits you but does no damage.
The adder bites you but does no damage.
The orange crystal statue glitters.
The ogre barely misses you.
The orange crystal statue glitters topaz in the dim dungeon light.
The orange crystal statue fixes its piercing gaze on you.
The quokka bites you.
The centaur hits you but does no damage.
The bullfrog hits you but does no damage.
You're too confused!
Unknown command.
Really quaff
f - a potion of curing {@q1 !q}?
You feel better. You block the adder's attack.
The ice beast hits you but does no damage.
You block the ice beast's attack. The centaur completely misses you.
The quokka bites you but does no damage.
The orange crystal statue glitters topaz in the dim dungeon light.
The orc hits you but does no damage.
The bullfrog hits you but does no damage.
The ogre hits you with a +0 giant spiked club!
* * * LOW HITPOINT WARNING * * *
You block the adder's attack.
Your magical essence is drained by the effort!
You feel much better. You block the centaur's attack.
The bullfrog hits you but does no damage.
The ice beast hits you but does no damage.
You block the ice beast's attack.
The quokka bites you but does no damage.
The orc hits you but does no damage.
The orange crystal statue glitters.
The adder barely misses you.
The centaur hits you but does no damage.
The bullfrog hits you.
Really quaff
d - a potion of might {@q3 !q}?
You feel very mighty all of a sudden. The quokka bites you.
The ice beast hits you but does no damage.
The ice beast hits you. The ice beast freezes you!
* * * LOW HITPOINT WARNING * * *
You block the ogre's attack.
The centaur hits you but does no damage.
The adder bites you but does no damage.
The orange crystal statue glitters.
You are confused.
The orc hits you but does no damage.
The orange crystal statue fixes its piercing gaze on you.
Something tries to feed on your intellect!
The bullfrog hits you but does no damage.
The quokka bites you.
You're too confused!
You slash the adder!
You kill the adder!
The adder's corpse dissolves into shadows!
You slash the bullfrog!
You kill the bullfrog!
The bullfrog's corpse dissolves into shadows!
You closely miss the ogre. You barely miss the orc.
You barely miss the ice beast. You slash the centaur! You miss the ice beast.
You closely miss the quokka.
The centaur hits you but does no damage.
The ice beast hits you but does no damage.
The ice beast barely misses you. The orc hits you but does no damage.
The orange crystal statue glitters topaz in the dim dungeon light.
The ogre hits you with a +0 giant spiked club.
* * * LOW HITPOINT WARNING * * *
The centaur hits you but does no damage.
The quokka bites you.
* * * LOW HITPOINT WARNING * * *
The adder bites you but does no damage.
The ice beast hits you but does no damage. x2
You slash the ice beast!
You kill the ice beast!
You miss the quokka. You closely miss the adder.
You closely miss the adder zombie. You closely miss the ogre. You miss the orc.
You hit the ice beast. You hit the centaur.
The centaur hits you but does no damage.
The orange crystal statue glitters.
The adder zombie bites you but does no damage.
The orc hits you but does no damage.
The orange crystal statue glitters.
The adder bites you but does no damage. The quokka bites you.
The ogre hits you with a +0 giant spiked club!
* * * LOW HITPOINT WARNING * * *
The ice beast hits you. The ice beast freezes you!
You die...
Xom thinks this is hilarious!

####.....#########
#.#.# ,
#.....###########.#.#
, *
#...............#.#.#
,
#####...†....)....#.#
** * *
#...####'####.#.#
#...#8...h58#.#.# *
#...#5#..o#r#...# * *
* ##..#...ZSr.#.### ,
,#..#..oO@hJ#..... *
** #..#...oYc.#..###
#..#.#..o#.#.....* ,
#. #8.(...8#..##. ,
#..####'####... ,
#....§.........# * **
, #.#<#.#.§§##...# ,,
* ,* ###...§§##...#
,, * #..†#...##...#,*
*


You could see 4 orange crystal statues, an ice beast (summoned), an ogre
(summoned), a centaur (summoned), 2 hounds, a jelly (summoned), an adder
(summoned), 4 orcs, 2 ufetubi, an adder zombie (summoned) and 2 quokkas.

Vanquished Creatures
  A hippogriff (D:7)
  2 ogres
  3 wights (D:7)
  A hound (D:4)
  A jelly (D:5)
  An orc priest (D:6)
  2 orc wizards (D:7)
  A centaur skeleton (D:5)
  A worker ant (D:7)
  A worker ant zombie (D:6)
  An adder (D:6)
  4 orcs
  A giant cockroach (D:6)
  2 goblins
  2 hobgoblins (D:1)
  A kobold (D:2)
  A quokka (D:6)
  A ball python (D:1)
  2 bats (D:1)
  A frilled lizard (D:1)
  A rat (D:3)
31 creatures vanquished.

Notes
Turn   | Place    | Note
-------+----------+-------------------------------------------
     0 | D:1      | EnegeticOcto the Deep Dwarf Fighter began the quest for the
                  | Orb.
     0 | D:1      | Reached XP level 1. HP: 20/20 MP: 1/1
   145 | D:1      | Reached skill level 3 in Axes
   145 | D:1      | Reached XP level 2. HP: 25/27 MP: 2/2
   253 | D:4      | Noticed an ogre
   271 | D:4      | Reached skill level 4 in Axes
   271 | D:4      | Reached XP level 3. HP: 24/33 MP: 3/3
   272 | D:4      | Killed an ogre
   272 | D:4      | Reached skill level 5 in Axes
   272 | D:4      | Reached XP level 4. HP: 29/40 MP: 4/4
   285 | D:4      | Found a staircase to the Ecumenical Temple.
   291 | Temple   | Entered the Ecumenical Temple
   319 | Temple   | Became a worshipper of Xom of Chaos
   326 | Temple   | Fell from the grace of Xom
   326 | Temple   | Became a worshipper of Makhleb the Destroyer
   377 | D:5      | Entered Level 5 of the Dungeon
   387 | D:5      | Reached skill level 1 in Invocations
   387 | D:5      | Reached XP level 5. HP: 31/46 MP: 5/5
   389 | D:5      | Your magical essence is drained by the effort!
   517 | D:6      | Reached skill level 2 in Invocations
   519 | D:6      | Reached skill level 6 in Axes
   620 | D:7      | Found a runed translucent door.
   623 | D:7      | Noticed an orange crystal statue
   625 | D:7      | Found the +10 tower shield of Ignorance {rN+ Int-4}
   633 | D:7      | Reached skill level 3 in Invocations
   639 | D:7      | Noticed an orange crystal statue
   640 | D:7      | Found a runed translucent door.
   640 | D:7      | Noticed an orange crystal statue
   641 | D:7      | Noticed an orange crystal statue
   641 | D:7      | Noticed an orc warrior
   641 | D:7      | Noticed a centaur
   641 | D:7      | Noticed an orc warrior
   666 | D:7      | Reached XP level 6. HP: 34/55 MP: 2/7
   706 | D:7      | Reached skill level 4 in Invocations
   754 | D:7      | Noticed a hippogriff
   769 | D:7      | Killed a hippogriff
   769 | D:7      | Reached skill level 7 in Axes
   769 | D:7      | Reached skill level 5 in Invocations
   769 | D:7      | Reached XP level 7. HP: 33/61 MP: 9/9
   799 | D:7      | Noticed a hippogriff
   861 | D:7      | Reached skill level 8 in Axes
   862 | D:7      | Your magical essence is drained by the effort!
   875 | D:7      | Your magical essence is drained by the effort!
   878 | D:7      | Slain by an ice beast

Illustrated notes

Levels and vault maps discovered:
D:1:      dpeg_arrival_round_b, layout_loops_ring
D:2:      layout_basic, corner_web_ring, minmay_misc_feat_x,
          minmay_worlds_worst_comb
D:3:      layout_rooms, kennysheep_okawaru_gauntlet
D:4:      kennysheep_big_flooded_room, layout_loops_ring,
          minmay_temple_entry_tees, serial_shops, shop
D:5:      layout_basic
D:6:      layout_loops_cross, portal_sewer_entry_e, chequers_ossuary_entry_cave
D:7:      layout_basic, chequers_guarded_unrand_ignorance
Temple:   compressed_dpeg_circular_temple

Skill      XL: |  1  2  3  4  5  6  7 |
---------------+----------------------+-----
Axes           | 3 4 5 6 7 8 |  8.0
Invocations    | 1 3 5 |  5.0
Fighting       | |  2.6
Armour         | |  3.2
Shields        | |  3.2

Action                   |  1- 3 |  4- 6 |  7- 9 || total
-------------------------+-------+-------+-------++-------
Melee: War axe           |    24 |   108 |    53 ||   185
 Abil: Heal Wounds       |     2 |     6 |     6 ||    14
  Use: Scroll            |       |     2 |     5 ||     7
       Potion            |       |       |     2 ||     2
Armor: Scale mail        |     9 |     1 |       ||    10
       Plate armour      |       |    72 |    91 ||   163
Dodge: Dodged            |    16 |    13 |    15 ||    44
Block: Kite shield       |    14 |    62 |    29 ||   105

Table legend: (Time is in decaauts)
 A = Elapsed time spent in this place.
 B = Non-inter-level travel time spent in this place.
 C = Inter-level travel time spent in this place.
 D = Time resting spent in this place.
 E = Time spent auto-exploring this place.
 F = Levels seen in this place.
 G = Mean time per level.
                   A        B        C        D        E       F      G
               +--------+--------+--------+--------+--------+-----+--------+
         Total |    929 |    900 |     29 |      0 |      0 |   8 |  116.1 |
       Dungeon |    861 |    858 |      3 |      0 |      0 |   7 |  123.0 |
        Temple |     68 |     42 |     26 |      0 |      0 |   1 |   68.0 |
               +--------+--------+--------+--------+--------+-----+--------+

Top non-repeatable levels by time:
     D:7: 321 daAuts
     D:6: 170 daAuts
     D:2: 121 daAuts
     D:1: 92 daAuts
  Temple: 68 daAuts
     D:4: 59 daAuts
     D:5: 50 daAuts
     D:3: 45 daAuts
